 Dungeon Crawl Stone Soup version 0.30-a0-1006-g5d778dfbfc (webtiles) character file.

Game seed: 9397365988854594857

49 Arcadio the Sneak (level 3, -7/28 HPs)
             Began as a Vampire Brigand on Apr 5, 2023.
             Mangled by Terence
             ... wielding a +1 flail of protection
              (10 damage)
             ... on level 2 of the Dungeon.
             The game lasted 00:02:44 (793 turns).

Arcadio the Sneak (Vampire Brigand)                  Turns: 793, Time: 00:02:44

Health: -7/28      AC:  3    Str: 10    XL:     3   Next: 53%
Magic:  3/3        EV: 12    Int: 11    God:
Gold:   101        SH:  0    Dex: 17    Spells: 2/2 levels left

rFire   . . .      SeeInvis +    a - +2 dagger
rCold   . . .      Faith    .    (no shield)
rNeg    . . .      Spirit   .    b - +0 robe
rPois   .          Reflect  .    (no helmet)
rElec   .          Rampage  .    c - +0 cloak
rCorr   .                        (no gloves)
Will    +....                    (no boots)
Stlth   ++++                     (no amulet)
HPRegen 0.44/turn                g - ring of willpower
MPRegen 0.08/turn                (no ring)

@: healing quickly
A: alive, fangs 3, see invisible, vampiric 2, dopey 1
a: Exsanguinate


You were on level 2 of the Dungeon.
You visited 1 branch of the dungeon, and saw 2 of its levels.

You collected 101 gold pieces.

Inventory:

Hand Weapons
 a - a +2 dagger (weapon)
Missiles
 d - 16 poisoned darts (quivered)
 e - 3 curare-tipped darts
Armour
 b - a +0 robe (worn)
 c - a +0 cloak (worn)
Jewellery
 g - a ring of willpower (left hand)
Scrolls
 f - a scroll of enchant armour {unknown}
 l - a scroll of identify {unknown}
 m - a scroll of immolation {unknown}
Potions
 h - a potion of lignification {unknown}
 i - 2 potions of mutation
 j - a potion of heal wounds {unknown}
 k - 2 potions of resistance {unknown}


   Skills:
 + Level 2.5 Fighting
 + Level 3.0 Short Blades
 - Level 1.5 Throwing
 - Level 1.1 Dodging
 + Level 6.6 Stealth


You had 2 spell levels left.
You didn't know any spells.
Your spell library was empty.

Dungeon Overview and Level Annotations

Branches:
Dungeon (2/15) Zot: 11220

Altars:

Annotations:
D:2 Terence


Innate Abilities, Weirdness & Mutations

Your natural rate of healing is accelerated.
You have razor-sharp teeth.
You have supernaturally acute eyesight. (SInv)
You are afflicted with vampirism and can become a bat while bloodless.
You are dopey. (Int -2)


Message History

The jackal closely misses you.
You closely miss the jackal.
The jackal is moderately wounded.
The jackal barely misses you.
You barely miss the jackal. Your bite misses the jackal.
The jackal is moderately wounded.
The jackal bites you but does no damage.
The jackal barely misses you.
You hit the jackal but do no damage.
The jackal is moderately wounded.
The jackal barely misses you.
You hit the jackal but do no damage. You bite the jackal.
You kill the jackal!
You see here a jackal corpse.
Okay, then.
You hit Terence.
Terence is lightly wounded.
Terence hits you with a +1 flail of protection.
You hit Terence but do no damage.
Terence is lightly wounded.
Terence barely misses you.
You hit Terence but do no damage.
Terence is lightly wounded.
Terence closely misses you.
You closely miss Terence.
Terence is lightly wounded.
Terence hits you with a +1 flail of protection!
You hit Terence but do no damage.
Terence is lightly wounded.
You closely miss Terence.
Terence is lightly wounded.
Terence hits you with a +1 flail of protection!
* * * LOW HITPOINT WARNING * * *
You barely miss Terence.
Terence is lightly wounded.
Terence hits you with a +1 flail of protection.
* * * LOW HITPOINT WARNING * * *
Terence attacks as you move away!
Terence hits you with a +1 flail of protection!
You die...

#.### #.#####.#
......###)##....#
#......)..###.#
#.....#...# #)#
#...........###.#
###.....##.#...###########
#.....##...............#
###.######..####.##.....
.......@@hh.............
.##.######..####........
#..######......
#.......)......
#h########....#
#...h.h..†...##
##########..## #..)# #.#.#


You could see Terence and 2 jackals.

Vanquished Creatures
  An adder (D:2)
  A dart slug (D:2)
  4 bats
  6 endoplasms (D:1)
  A giant cockroach (D:1)
  A hobgoblin (D:2)
  2 jackals (D:2)
  3 kobolds
  A quokka (D:1)
  2 ball pythons (D:1)
  4 frilled lizards
  5 goblins
  3 rats
34 creatures vanquished.

Notes
Turn   | Place    | Note
-------+----------+-------------------------------------------
     0 | D:1      | Arcadio the Vampire Brigand began the quest for the Orb.
     0 | D:1      | Reached XP level 1. HP: 16/16 MP: 1/1
    80 | D:1      | Reached skill level 6 in Stealth
   140 | D:1      | Reached XP level 2. HP: 13/22 MP: 2/2
   615 | D:2      | Gained mutation: You are afflicted with vampirism and can
                  | become a bat while bloodless. [Vampire growth]
   615 | D:2      | Reached XP level 3. HP: 26/28 MP: 3/3
   754 | D:2      | Noticed Terence
   761 | D:2      | Gained mutation: You are dopey. (Int -2) [potion of
                  | mutation]
   793 | D:2      | Mangled by Terence

Illustrated notes

Levels and vault maps discovered:
D:1:      elethiomel_arrival_infinity_welcomes_careful_drivers, layout_basic,
          hangedman_decor_peaks_small
D:2:      layout_loops_ring, uniq_terence

Skill      XL: |  1  2  3 |
---------------+----------+-----
Stealth        | 6 |  6.6
Fighting       | 2 |  2.5
Short Blades   | 3 |  3.0
Throwing       | |  1.5
Dodging        | |  1.1

Action                     || total
---------------------------++-------
  Melee: Dagger            ||    97
         Bite              ||    12
         Punch             ||     1
    Use: Potion            ||     1
   Stab: Sleeping          ||     7
         Distracted        ||     1
 Armour: Robe              ||    19
  Dodge: Dodged            ||    54

Table legend: (Time is in decaauts)
 A = Elapsed time spent in this place.
 B = Non-inter-level travel time spent in this place.
 C = Inter-level travel time spent in this place.
 D = Time resting spent in this place.
 E = Time spent auto-exploring this place.
 F = Levels seen in this place.
 G = Mean time per level.
                   A        B        C        D        E       F      G
               +--------+--------+--------+--------+--------+-----+--------+
         Total |    779 |    774 |      5 |      6 |    467 |   2 |  389.5 |
       Dungeon |    779 |    774 |      5 |      6 |    467 |   2 |  389.5 |
               +--------+--------+--------+--------+--------+-----+--------+

Top non-repeatable levels by time:
     D:1: 556 daAuts
     D:2: 223 daAuts
